 Dungeon Crawl Stone Soup version 0.29-a0-885-gb26ba3297d (webtiles) character file.

Game seed: 9413135594272415932

1297 Nato the Frost Mage (level 8, -3/55 HPs)
             Began as an Octopode Ice Elementalist on July 20, 2022.
             Slain by an ice beast (6 damage)
             ... on level 6 of the Dungeon.
             The game lasted 00:14:51 (6942 turns).

Nato the Frost Mage (Octopode Ice Elementalist)     Turns: 6942, Time: 00:14:52

Health: -3/55      AC:  1    Str:  7    XL:     8   Next: 56%
Magic:  12/15      EV: 13    Int: 19    God:
Gold:   358        SH:  0    Dex: 13    Spells: 10/17 levels left

rFire   . . .      SeeInvis .   t - +10 spear "Ruory" {vorpal, *Noise rElec Stlth+}
rCold   . . .      Faith    .   (no shield)
rNeg    . . .      Spirit   .   (helmet restricted)
rPois   .          Reflect  .   (no amulet)
rElec   +          Harm     .   (no ring)
rCorr   .          Rampage  .   (no ring)
Will    .....                   (no ring)
Stlth   ++++......              (no ring)
HPRegen 0.18/turn               (no ring)
MPRegen 0.14/turn               (no ring)
                                (no ring)
                                (no ring)

@: no status effects
A: almost no armour, amphibious, 8 rings, camouflage 1, gelatinous body 1,
(nimble swimmer 1), tentacles
a: no special abilities


You were on level 6 of the Dungeon.
You visited 1 branch of the dungeon, and saw 6 of its levels.

You collected 418 gold pieces.
You spent 60 gold pieces at shops.

Inventory:

Hand Weapons
 g - a +0 sling
 t - the +10 spear "Ruory" (weapon) {vorpal, *Noise rElec Stlth+}
   (You found it on level 4 of the Dungeon)

   It inflicts extra damage upon your enemies.
   rElec:     It insulates you from electricity.
   *Noise:    It may make noises in combat.
   Stlth:     It makes you more stealthy.
Jewellery
 c - a ring of ice
Wands
 q - a wand of polymorph (10)
Scrolls
 d - 2 scrolls of noise
 f - 3 scrolls of teleportation
 k - 2 scrolls of vulnerability
 l - 5 scrolls of immolation
 n - a scroll of enchant weapon
 o - a scroll of fog {unknown}
 s - a scroll of enchant armour {unknown}
Potions
 a - a potion of magic
 e - 3 potions of cancellation
 h - 2 potions of might {unknown}
 i - 2 potions of degeneration {unknown}
 j - 2 potions of heal wounds
 m - 3 potions of ambrosia {unknown}
 p - a potion of mutation {unknown}
 r - a potion of attraction {unknown}
 u - a potion of berserk rage {unknown}


   Skills:
 - Level 5.0 Fighting
 - Level 2.0 Dodging
 - Level 2.6 Stealth
 + Level 5.2 Spellcasting
 - Level 8.0 Ice Magic


You had 10 spell levels left.
You knew the following spells:

 Your Spells              Type           Power      Damage    Failure   Level
a - Freeze                Ice            100%       1d11      1%          1
b - Frozen Ramparts       Ice            70%        1d9       1%          3
c - Ozocubu's Armour      Ice            35%        N/A       1%          3

Your spell library contained the following spells:

 Spells                   Type           Power      Damage    Failure   Level
 Hailstorm                Conj/Ice       20%        3d6       24%         4


Dungeon Overview and Level Annotations

Branches:
Dungeon (6/15)
 Temple: D:4-7

Altars:
Trog

Shops:
D:3 !

Annotations:
D:6 Dowan, Duvessa


Innate Abilities, Weirdness & Mutations

You cannot wear most types of armour.
You are amphibious.
You can wear up to eight rings at the same time.
Your skin changes colour to match your surroundings (Stealth+).
Your rubbery body absorbs attacks. (AC +1, EV +1)
((You are camouflaged when in or above water. (Stealth+)))
You have tentacles for arms and can constrict up to eight enemies at once.


Message History

The ice beast completely resists.
The wall freezes the ice beast but does no damage.
Casting: Frozen Ramparts (safe; 1% risk of failure)
Confirm with . or Enter, or press ? or * to list all spells.
Aiming: Freeze (safe; 1% risk of failure)
Press: ? - help, Shift-Dir - straight line, f - ice beast
Aim: an ice beast You freeze the ice beast but do no damage.
The ice beast completely resists. x2
The wall freezes the ice beast but does no damage.
The ice beast closely misses you.
Unknown command.
You hit the ice beast.
The ice beast is lightly wounded.
The wall freezes the orc!
The ice beast completely resists.
The wall freezes the ice beast but does no damage.
The ice beast hits you. The ice beast freezes you!
You barely miss the ice beast. Your squeeze misses the ice beast.
The ice beast is lightly wounded.
The wall freezes the orc.
You kill the orc!
The ice beast completely resists.
The wall freezes the ice beast but does no damage.
The ice beast hits you. The ice beast freezes you!
The wall freezes the orc!
You kill the orc!
The ice beast completely resists.
The wall freezes the ice beast but does no damage.
The ice beast hits you. The ice beast freezes you!
* * * LOW HITPOINT WARNING * * *
Your frozen ramparts will break if you move.
Continue?
The frozen ramparts melt away as you move.
The ice beast attacks as you move away!
The ice beast hits you but does no damage.
The orc shoots a bolt.
The bolt hits you!
* * * LOW HITPOINT WARNING * * *
You hear an angry hiss.
The ice beast attacks as you move away! The ice beast hits you.
* * * LOW HITPOINT WARNING * * *
The ice beast freezes you.
You die...

##)####### ##.#.#.### #.
#.).§....# ....... ##...§D...#
##.#.#.##
....#####..##.......#
......#......#.#.#.##
..#....D............#
..#...#......#.#.#.##
#.##.#.............<#
..........#.#@#.##
............Y.##.### #######
.....###.....####..#####...[.>
...#### ##.o### ##..#.........
##..## ##...........
...#####..## #...........
#....)### ##...........
#....)...# #............
.............# #............


You could see an ice beast and an orc.

Vanquished Creatures
  4 yaks (D:5)
  An orc warrior (D:6)
  A black bear (D:6)
  An ice beast (D:5)
  A kobold brigand (D:6)
  A scorpion (D:6)
  A howler monkey (D:5)
  A hound (D:3)
  An orc priest (D:3)
  3 iguanas (D:4)
  6 adders
  2 ufetubi
  A worm (D:5)
  3 dart slugs (D:2)
  8 orcs
  3 ball pythons
  8 endoplasms
  4 giant cockroaches
  10 goblins
  7 hobgoblins
  5 jackals (D:4)
  A quokka (D:2)
  5 bats
  4 frilled lizards
  18 kobolds
  3 rats
103 creatures vanquished.

Notes
Turn   | Place    | Note
-------+----------+-------------------------------------------
     0 | D:1      | Nato the Octopode Ice Elementalist began the quest for the
                  | Orb.
     0 | D:1      | Reached XP level 1. HP: 11/11 MP: 3/3
   399 | D:1      | Reached XP level 2. HP: 17/17 MP: 2/5
  1597 | D:2      | Reached XP level 3. HP: 21/21 MP: 4/7
  1989 | D:2      | Found a faded altar of an unknown god.
  2054 | D:2      | Reached XP level 4. HP: 27/27 MP: 9/9
  2824 | D:2      | Learned a level 3 spell: Frozen Ramparts
  2828 | D:2      | Learned a level 3 spell: Ozocubu's Armour
  2850 | D:3      | Found Xuopimos's Distillery.
  2854 | D:3      | Bought a potion of heal wounds for 60 gold pieces
  3265 | D:3      | Reached XP level 5. HP: 31/31 MP: 11/11
  3723 | D:3      | Reached skill level 5 in Spellcasting
  3854 | D:4      | Identified the +10 spear "Ruory" {vorpal, *Noise rElec
                  | Stlth+}
  4280 | D:4      | Reached XP level 6. HP: 33/36 MP: 7/13
  4599 | D:4      | Reached skill level 5 in Ice Magic
  4762 | D:4      | Found a bloodstained altar of Trog.
  4795 | D:5      | Entered Level 5 of the Dungeon
  5002 | D:5      | Noticed a yak
  5002 | D:5      | Noticed a yak
  5273 | D:5      | Noticed an ice beast
  5363 | D:5      | Killed a yak
  5364 | D:5      | Reached skill level 6 in Ice Magic
  5523 | D:5      | Noticed a yak
  5553 | D:5      | Noticed a yak
  5574 | D:5      | Killed a yak
  5575 | D:5      | Reached XP level 7. HP: 41/41 MP: 4/14
  5580 | D:5      | Killed a yak
  5581 | D:5      | Reached skill level 7 in Ice Magic
  5582 | D:5      | Killed a yak
  5583 | D:5      | Reached skill level 8 in Ice Magic
  5927 | D:5      | Reached skill level 1 in Fighting
  5933 | D:5      | Reached XP level 8. HP: 49/49 MP: 15/15
  6280 | D:6      | HP: 1/54 [steam dragon] (10)]
  6282 | D:6      | Noticed Duvessa
  6282 | D:6      | Noticed Dowan
  6692 | D:6      | Reached skill level 5 in Fighting
  6942 | D:6      | Slain by an ice beast

Illustrated notes

Levels and vault maps discovered:
D:1:      matt_arrival_spirals, layout_basic, corexii_hall_statues_s
D:2:      layout_basic, dreamdust_ecumenical_altar_angels_and_demons,
          minmay_tetromino_l2
D:3:      layout_basic, serial_shops, nicolae_shop_hallway_stairs,
          serial_bayou_pond_d, supply_closet_lemuel
D:4:      layout_basic, trog_hazing_becter
D:5:      layout_basic
D:6:      layout_cave_pods, minmay_temple_entry_slanted, gammafunk_ghost_grave,
          st_stairs_12, hangedman_decor_lopped, uniq_duvessa

Skill      XL: |  1  2  3  4  5  6  7  8 |
---------------+-------------------------+-----
Spellcasting   | 3 4 5 |  5.2
Ice Magic      | 6 8 |  8.0
Fighting       | 1 5 |  5.0
Dodging        | |  2.0
Stealth        | |  2.6

Action                   |  1- 3 |  4- 6 |  7- 9 || total
-------------------------+-------+-------+-------++-------
Melee: Unarmed           |     6 |       |       ||     6
       Constrict         |     3 |       |     6 ||     9
       Tentacles         |     2 |       |     2 ||     4
       Spear             |       |       |    32 ||    32
 Fire: Sling             |    26 |   119 |       ||   145
 Cast: Freeze            |    34 |    37 |     3 ||    74
       Frozen Ramparts   |       |    11 |     5 ||    16
       Ozocubu's Armour  |       |     2 |     1 ||     3
  Use: Scroll            |       |       |     6 ||     6
 Stab: Sleeping          |       |       |     4 ||     4
Armor: Skin              |     4 |     5 |     2 ||    11
Dodge: Dodged            |    24 |    48 |    20 ||    92

Table legend: (Time is in decaauts)
 A = Elapsed time spent in this place.
 B = Non-inter-level travel time spent in this place.
 C = Inter-level travel time spent in this place.
 D = Time resting spent in this place.
 E = Time spent auto-exploring this place.
 F = Levels seen in this place.
 G = Mean time per level.
                   A        B        C        D        E       F      G
               +--------+--------+--------+--------+--------+-----+--------+
         Total |   7001 |   6358 |    643 |    825 |   4744 |   6 | 1166.8 |
       Dungeon |   7001 |   6358 |    643 |    825 |   4744 |   6 | 1166.8 |
               +--------+--------+--------+--------+--------+-----+--------+

Top non-repeatable levels by time:
     D:1: 1586 daAuts
     D:2: 1284 daAuts
     D:5: 1218 daAuts
     D:3: 1102 daAuts
     D:4: 1072 daAuts
     D:6: 735 daAuts
